Description

You don't go for a second base, instead focus on building Zerglings once you get have saturated your gas and like 2 on your mineral line or so. attack at 3:00 and before you do so morph 6 - 8 banelings to destroy the structures in your path to victory. (Best executed on Terran)

VOD

https://lotv.spawningtool.com/68422/

Build Order

Get SALT Encoding   

  13  0:01  Drone  Start off with a drone ofc
  13  0:16  Extractor  HEHE BOI (with the drone that was just made)
  12  0:25  Spawning Pool  you already know it's finna be cheezy (saturate the gas with drones)
  14  0:51  Overlord  supply should be 14/14
  15  1:14  Queen  For extra larvae (inject whenever possible)
  15  1:15  Zergling  you know we just getting started
  17  1:20  Metabolic Boost  Get the SPEED
  20  1:30  Zergling  Just keep building zerglings at this point
  20  1:42  Baneling Nest  Pull one drone off gas and get a NEST (keep spamming lings!)
  22  2:08  Overlord  you should be supply blocked at 22/22 (SPAM THE LINGS)
  26  2:30  Baneling x6  send all of you zerglings that you have built over the time
  27  3:00  Baneling x2  (RUSH IN) and blow up the walls and structures and send your lings to wreak havoc (GGWPEZ)
Spawning Tool Build Advisor. Get it on Overwolf

Analysis

I made some slight variations.

Go to:

Details

  • Created by: LopLop
  • Published on: Jun 03, 2021
  • Modified on: Jun 03, 2021
  • Patch: 4.11.0
  • Difficulty: Easy
Show
View Real Time Build Order
Export as new Build Order

Comments (0)

There are no comments. Be the first!

Create an account to comment!